 Dungeon Crawl Stone Soup version 0.22.1-1-ga44c0e5 (webtiles) character file.

127 Lauz the Chopper (level 4, -10/41 HPs)
             Began as a Minotaur Berserker on Oct 30, 2018.
             Was a Believer of Trog.
             Mangled by an ogre
             ... wielding a +0 giant spiked club
              (21 damage)
             ... on level 4 of the Dungeon.
             The game lasted 00:03:23 (1419 turns).

Lauz the Chopper (Minotaur Berserker)               Turns: 1419, Time: 00:03:23

Health: -10/41     AC:  2    Str: 22    XL:     4   Next: 85%
Magic:  3/3        EV: 12    Int:  4    God:    Trog [**....]
Gold:   93         SH:  0    Dex: 10    Spells: 3/3 levels left

rFire    . . .     SeeInvis .   a - +0 hand axe
rCold    . . .     Gourm    .   (no shield)
rNeg     . . .     Faith    .   g - +0 robe (curse)
rPois    .         Spirit   .   (helmet restricted)
rElec    .         Reflect  .   (no cloak)
rCorr    .         Harm     .   (no gloves)
MR       .....                  (no boots)
Stlth    +.........             (no amulet)
HPRegen  0.13/turn              (no ring)
MPRegen  0.08/turn              (no ring)

@: berserk cooldown, slowed, very slow
A: retaliatory headbutt, horns 2
a: Berserk, Trog's Hand, Renounce Religion


You were on level 4 of the Dungeon.
You worshipped Trog.
Trog was pleased with you.
You were very hungry.

You visited 1 branch of the dungeon, and saw 3 of its levels.

You collected 93 gold pieces.

Inventory:

Hand Weapons
 a - a +0 hand axe (weapon)
Missiles
 f - 3 curare-tipped needles
Armour
 b - a +0 animal skin
 g - a cursed +0 robe (worn)
 k - a +0 leather armour
Jewellery
 j - an uncursed ring of see invisible {unknown}
 l - an uncursed ring of ice {unknown}
 q - an uncursed ring of wizardry {unknown}
Scrolls
 d - 3 scrolls of remove curse {unknown}
 h - a scroll of identify {unknown}
 m - a scroll of enchant weapon {unknown}
 n - a scroll of teleportation {unknown}
 p - a scroll of enchant armour {unknown}
 r - a scroll of blinking {unknown}
 t - a scroll of immolation {unknown}
Potions
 e - 2 potions of lignification {unknown}
 i - a potion of ambrosia {unknown}
 o - 2 potions of curing {unknown}
 s - a potion of heal wounds {unknown}
Comestibles
 c - 2 rations


   Skills:
 + Level 4.8 Fighting
 * Level 5.6 Axes
 + Level 2.6 Armour
 + Level 2.5 Dodging


You had 3 spell levels left.
You didn't know any spells.
Your spell library was empty.

Dungeon Overview and Level Annotations

Branches:
Dungeon (2/15)

Altars:


Innate Abilities, Weirdness & Mutations

You reflexively headbutt those who attack you in melee.
You have a pair of horns on your head.


Message History

You hit the worker ant. You headbutt the worker ant!
You kill the worker ant!
Trog accepts your kill.
An ogre comes into view. It is wielding a giant spiked club.
You see here a worker ant corpse.
You butcher the worker ant corpse.
You feel a strong urge to attack something.
You see here 3 chunks of flesh.
Found a ration.
You feel your anger nearly subside.
A quokka comes into view.
You are no longer berserk.
You are exhausted.
You feel yourself slow down.
Found a great sword.
The quokka twitches its whiskers.
You see here 3 chunks of flesh.
The ogre hits you with a giant spiked club!!
Ouch! That really hurt!
You die...

#......... #.......$#
#........####
#..........%)
#............
#............
#######............
..).....Or.........
.#####@######$.... #.#
.... #.# ... #.# .. #.#
. ######.#############
>...................#
##########.......##.####
#.......#......


You could see an ogre and a quokka.

Vanquished Creatures
  A hound (D:2)
  An iguana (D:2)
  A worker ant (D:4)
  3 worms
  A dart slug (D:1)
  5 goblins
  4 hobgoblins (D:1)
  7 jackals (D:1)
  A quokka (D:2)
  6 bats
  4 frilled lizards
  4 kobolds (D:1)
  3 rats (D:1)
41 creatures vanquished.

Notes
Turn   | Place    | Note
-------+----------+-------------------------------------------
     0 | D:1      | Lauz the Minotaur Berserker began the quest for the Orb.
     0 | D:1      | Reached XP level 1. HP: 19/19 MP: 0/0
   302 | D:1      | Reached skill level 4 in Axes
   302 | D:1      | Reached XP level 2. HP: 21/27 MP: 1/1
   801 | D:1      | Reached XP level 3. HP: 29/33 MP: 2/2
   803 | D:1      | Reached ** piety under Trog
   939 | D:2      | Reached skill level 5 in Axes
   939 | D:2      | Reached XP level 4. HP: 19/40 MP: 3/3
  1242 | D:2      | You fall through a shaft for 2 floors!
  1412 | D:4      | Noticed an ogre
  1419 | D:4      | Mangled by an ogre

Skill      XL: |  1  2  3 |
---------------+----------+-----
Axes           | 4 5 |  5.6
Fighting       | 4 |  4.8
Armour         | |  2.6
Dodging        | |  2.5

Action                   |  1- 3 |  4- 6 || total
-------------------------+-------+-------++-------
Melee: Hand axe          |    48 |    19 ||    67
       Headbutt          |     8 |     4 ||    12
Invok: Berserk           |       |     1 ||     1
  Eat: Chunk             |       |     1 ||     1
Armor: Animal skin       |     3 |       ||     3
       Robe              |     2 |     1 ||     3
Dodge: Dodged            |    36 |    18 ||    54
